 Dungeon Crawl Stone Soup version 0.31.0-32-g396128a36d (webtiles) character file.

Game seed: 6212095110181137576

231977 ilwentz the Warrior (level 19, 0/111 HPs)
             Began as a Gargoyle Wanderer on Mar 31, 2024.
             Was the Champion of Hepliaklqana.
             Slain by a slime creature (glowing shapeshifter) (4 damage)
             ... in a wizard's laboratory on Apr 3, 2024.
             The game lasted 04:12:45 (48263 turns).

ilwentz the Warrior (Gargoyle Wanderer)            Turns: 48263, Time: 04:12:45

Health: 0/111      AC: 39    Str: 15    XL:     19   Next: 7%
Magic:  19/32      EV: 10    Int: 28    God:    Hepliaklqana [******]
Gold:   2344       SH: 11    Dex:  9    Spells: 6/44 levels left

rFire   . . .        u - +3 demon trident (flame)
rCold   . . .        D - +0 kite shield {reflect}
rNeg    + . .        X - +5 ring mail of the Bull {rPois Int+4 SInv Stlth-}
rPois   ∞            L - +0 helmet
rElec   +            S - +2 cloak
rCorr   .            C - +2 pair of gloves
SInv    +            y - +1 pair of boots
Will    +....        (no amulet) Stlth
                     Z - ring of wizardry
HPRegen 0.38/turn    n - +6 ring of intelligence
MPRegen 0.23/turn

%: reflection, wizardry (x1)
@: fragile (+50% incoming damage), flying, very slightly contaminated, hasted,
studying Fighting, very quick
A: reduced essence, sickness immunity, AC +14, big wings, negative energy
resistance 1, electricity resistance, torment resistance 1, petrification
resistance, low MP 1, weak 2, inability to drink after injury 1, [teleportitis
2]
}: 2/15 runes: decaying, serpentine
a: Renounce Religion, Recall Ancestor, Ancestor Identity, Transference, Idealise


You were in a wizard's laboratory.
You worshipped Hepliaklqana.
Hepliaklqana was exalted by your worship.
You visited 7 branches of the dungeon, and saw 32 of its levels.
You also visited: Bailey, Gauntlet and Wizlab.

You collected 3508 gold pieces.
You spent 1164 gold pieces at shops.

Inventory:

Hand Weapons
 u - a +3 demon trident of flaming (weapon)
 P - a +2 eveningstar of freezing
Armour
 y - a +1 pair of boots (worn)
 C - a +2 pair of gloves (worn)
 D - a +0 kite shield of reflection (worn)
 L - a +0 helmet (worn)
 S - a +2 cloak (worn)
 T - a +0 buckler of protection
 X - the +5 ring mail of the Bull (worn) {rPois Int+4 SInv Stlth-}
   (You found it on level 3 of the Snake Pit)

   Int+4:     It affects your intelligence (+4).
   rPois:     It protects you from poison SInv: It lets you see invisible.
   Stlth-:    It makes you less stealthy.
Jewellery
 d - a ring of see invisible
 e - a ring of resist corrosion
 n - a +6 ring of intelligence (right hand)
 t - a +5 ring of evasion
 W - a ring of protection from fire
 Z - a ring of wizardry (left hand)
Wands
 b - a wand of flame (85)
 i - a wand of charming (12)
 m - a wand of roots (20)
 w - a wand of acid (24)
 G - a wand of digging (8)
 J - a wand of mindburst (5)
 K - a wand of polymorph (12)
Scrolls
 c - 4 scrolls of fear
 f - 3 scrolls of revelation
 g - 12 scrolls of teleportation
 h - a scroll of acquirement
 k - 3 scrolls of butterflies
 l - a scroll of brand weapon
 r - a scroll of blinking
 z - 3 scrolls of poison
 F - 4 scrolls of fog
 M - 2 scrolls of immolation
 U - 3 scrolls of silence
Potions
 a - 4 potions of invisibility
 j - 2 potions of magic
 p - 3 potions of attraction
 q - 2 potions of brilliance
 s - a potion of berserk rage
 v - 2 potions of heal wounds
 x - a potion of lignification
 A - 3 potions of cancellation
 B - a potion of might
 H - 2 potions of mutation
 I - 11 potions of curing
 N - a potion of resistance
 Q - 4 potions of enlightenment
 V - 2 potions of ambrosia
Miscellaneous
 E - a phantom mirror


   Skills:
 + Level 15.0 Fighting
 - Level 1.7 Long Blades
 - Level 6.4(6.5) Maces & Flails
 - Level 8.7(8.8) Polearms
 - Level 1.5(7.5) Staves
 - Level 1.0 Throwing
 - Level 14.1 Armour
 + Level 3.7 Dodging
 * Level 12.2 Shields
 - Level 13.3 Spellcasting
 - Level 13.1 Conjurations
 - Level 7.7 Summonings
 - Level 2.3 Necromancy
 - Level 4.0 Translocations
 - Level 10.0 Fire Magic
 - Level 7.6 Air Magic
 - Level 5.2 Alchemy
 - Level 3.3 Invocations
 - Level 3.6 Evocations


You had 6 spell levels left.
You knew the following spells:

 Your Spells              Type           Power      Damage    Failure   Level
a - Shock                 Conj/Air       100%       1d9       1%          1
b - Mercury Vapours       Alch/Air       100%       N/A       1%          2
c - Mephitic Cloud        Conj/Alch/Air  61%        N/A       1%          3
d - Necrotise             Necr           100%       1d9       1%          1
e - Iskenderun's Mystic   Conj/Tloc      61%        2d13      1%          4
f - Fireball              Conj/Fire      35%        3d15      1%          5
g - Starburst             Conj/Fire      35%        6d10      4%          6
h - Iskenderun's Battles  Conj           75%        2d12      1%          5
i - Plasma Beam           Fire/Air       31%        2x1d44    16%         6
j - Yara's Violent Unrav  Hex/Alch       16%        3d8       32%         5

Your spell library contained the following spells:

 Spells                   Type           Power      Damage    Failure   Level
 Apportation              Tloc           82%        N/A       1%          1
 Foxfire                  Conj/Fire      100%       2x1d9     1%          1
 Call Imp                 Summ           100%       N/A       1%          2
 Swiftness                Air            57%        N/A       1%          3
 Summon Blazeheart Golem  Fire/Summ      62%        N/A       1%          4
 Summon Lightning Spire   Summ/Air       57%        N/A       1%          4
 Irradiate                Conj/Alch      31%        3d22      2%          5
 Fugue of the Fallen      Necr           32%        N/A       4%          3
 Vampiric Draining        Necr           32%        2d8       4%          3
 Martyr's Knell           Necr/Summ      46%        N/A       4%          4
 Ensorcelled Hibernation  Hex/Ice        36%        N/A       6%          2
 Jinxbite                 Hex            36%        N/A       6%          2
 Manifold Assault         Tloc           41%        N/A       7%          4
 Passage of Golubria      Tloc           41%        N/A       7%          4
 Animate Armour           Summ/Erth      80%        N/A       8%          4
 Ozocubu's Armour         Ice            18%        N/A       11%         3
 Passwall                 Erth           18%        N/A       11%         3
 Tukima's Dance           Hex            18%        N/A       11%         3
 Petrify                  Alch/Erth      33%        N/A       12%         4
 Alistair's Intoxication  Alch           31%        N/A       12%         5
 Dimensional Bullseye     Hex/Tloc       14%        N/A       16%         4
 Silence                  Hex/Air        20%        N/A       21%         5
 Cause Fear               Hex            9%         N/A       32%         4
 Curse of Agony           Necr           32%        N/A       34%         5
 Bombard                  Conj/Erth      26%        9d5       34%         6
 Lee's Rapid Deconstruct  Erth           9%         3d7*      65%         5
 Sculpt Simulacrum        Ice/Alch       16%        N/A       86%         6
 Orb of Destruction       Conj           37%        9d11      14%         7
 Spellforged Servitor     Conj/Summ      33%        N/A       38%         7
 Summon Hydra             Summ           29%        N/A       75%         7
 Enfeeble                 Hex            9%         N/A       100%        7
 Ozocubu's Refrigeration  Ice            9%         4d9       100%        7
 Lehudib's Crystal Spear  Conj/Erth      26%        10d7      100%        8
 Dragon's Call            Summ           29%        N/A       100%        9
 Polar Vortex             Ice            9%         12d1*     100%        9
 Sublimation of Blood     Necr           Unusable   N/A       N/A         2

Dungeon Overview and Level Annotations

Branches:
Dungeon (15/15)            Temple (1/1) D:4            Lair (5/5) D:10
  Swamp (4/4) Lair:2        Snake (4/4) Lair:3        Slime (0/5) Lair:5
    Orc (2/2) D:12            Elf (0/3) Orc:2        Vaults (1/5) D:14
 Depths (0/4) D:15         Bailey (visited)          WizLab (1/1)
Gauntlet (visited)

Altars:
Ashenzari
Cheibriados
Dithmenos
Elyvilon
Fedhas
Gozag
Hepliaklqana
Kikubaaqudgha
Makhleb
Nemelex Xobeh
Okawaru
Qazlal
Ru
Sif Muna
Trog
Uskayaw
Vehumet
Wu Jian
Xom
Yredelemnul
Zin
The Shining One
Jiyva

Shops:
D:7 =   D:9 :   D:12 *   Orc:2 [?[(   Snake:3 ((*   Vaults:1 [

Annotations:
D:15 Roxanne
Orc:2 1 runed translucent door, Tripartite's ghost, journeyman TrFi


Innate Abilities, Weirdness & Mutations

Your life essence is reduced to manifest your ancestor. (-10% HP)
You are immune to sickness and miasma.
Your stone body is resilient. (AC +14)
You are immune to poison.
Your large and strong wings let you fly.
You resist negative energy. (rN+)
You are resistant to electric shocks. (rElec)
You are resistant to unholy torment.
You are immune to petrification.
Your magical capacity is low. (-10% MP)
You are very weak. (Str -4)
You occasionally lose the ability to drink potions when taking damage.
[You are often teleported next to monsters.]


Message History

The glass eye turns its gaze towards you.
The shining eye turns its gaze towards you.
The sea snake hisses angrily. x2
The glowing orange brain turns its attention towards you.
The orb spider's many legs skitter faintly.
The glass eye turns its gaze towards you.
The shining eye turns its gaze towards you.
The glass eye turns its gaze towards you.
The sea snake changes into a warg!
The glass eye gazes at you.
Your body becomes as fragile as glass!
The glass eye gazes at you.
You feel your fragility will last longer.
The glass eye gazes at you.
You feel your fragility will last longer.
A moth of wrath comes into view.
The shining eye gazes at you.
Strange energies course through your body.
You occasionally lose the ability to drink potions when taking damage.
The shining eye moves out of view.
Blink to where?
Press: ? - help, Dir - move target A swamp worm and a radroach come into view.
Found 15 gold pieces.
As you read the scroll of blinking, it crumbles to dust.
The moth of wrath's fur bristles in rage as it notices you.
The moth of wrath changes into a two-headed ogre!
The warg changes into an orb spider!
Blink to where?
Press: ? - help, Dir - move target A dream sheep comes into view.
As you read the scroll of blinking, it crumbles to dust.
You feel yourself speed up.
A slime creature comes into view.
The glass eye gazes at you.
You feel your fragility will last longer.
The slime creature quivers.
The dream sheep changes into a skyshark!
The slime creature hits you.
You die...

9§.# ..## ..# .## ##
## .## # ..# ##
##############..#
.###....##...O..J..#
∩.#.....B.wG...F@.##
.##..B..#.G########
####....#.§'S....#
#..###'##..#..Gs..
x... #$ #.G#


Gs.G. x... ## #..# .... .... #B.# ... .... #..# +# #... #..# You could see a
skyshark shaped shifter, a slime creature, a two-headed ogre shaped shifter, 2
glass eyes and a swamp worm.

Vanquished Creatures
  Vashnia (Snake:2)
  Jorgrun (Snake:2)
  A tentacled monstrosity (Swamp:4)
  Rupert (D:12)
  Asterion (Snake:4)
  A thorn hunter (Swamp:2)
  Donald (Swamp:1)
  2 fenstrider witches (Swamp:4)
  4 nagarajas (Snake:4)
  An ironbound preserver (Vaults:1)
  An ironbound thunderhulk (Vaults:1)
  5 eleionomae
  A minotaur (Gauntlet)
  2 bunyips
  A green death (Swamp:4)
  A quicksilver dragon zombie (D:15)
  2 salamander tyrants
  5 hydras
  5 centaur warriors
  2 ghost crabs
  A catoblepas (D:14)
  3 alligators
  7 anacondas
  A boulder beetle (D:11)
  5 ogre magi
  7 two-headed ogres (D:15)
  5 naga warriors
  A tengu warrior (D:13)
  2 orc high priests (Orc:2)
  2 soul eaters (Swamp:4)
  7 naga sharpshooters
  4 shock serpents
  8 skeletal warriors
  A skyshark (Lair:3)
  2 salamander mystics (Snake:2)
  Lodul (D:14)
  A storm dragon skeleton (D:15)
  6 goliath frogs
  5 mana vipers
  4 sea snakes (Snake:4)
  3 deep trolls (Vaults:1)
  2 arcanists (Swamp:4)
  A death drake (Swamp:4)
  3 spriggan druids
  3 swamp dragons
  6 naga ritualists
  3 bog bodies
  A deep elf pyromancer (Swamp:4)
  2 deep elf zephyrmancers (Swamp:4)
  17 ugly things
  2 cyclopes
  4 orc knights
  3 orc sorcerers
  2 manticores
  9 salamanders
  15 black mambas
  4 elephants (Lair:5)
  A kobold blastminer (Orc:2)
  2 guardian serpents (Snake:4)
  2 gargoyles
  7 naga magi
  2 unseen horrors
  An orange demon (Swamp:4)
  A smoke demon (Swamp:4)
  17 cane toads
  A kobold demonologist (D:11)
  3 komodo dragons
  A rime drake (shapeshifter) (D:14)
  A yaktaur (shapeshifter) (D:13)
  2 ice devils
  4 trolls
  A queen bee (shapeshifter) (D:14)
  11 tyrant leeches
  2 polar bears (Lair:4)
  3 merfolk (D:12)
  6 hornets
  8 blink frogs
  10 slime creatures
  6 spriggans
  2 centaur simulacra (Gauntlet)
  A spriggan skeleton (D:15)
  33 yaks
  A small abomination (WizLab)
  2 shadows
  3 wraiths (D:13)
  A wyvern (Lair:4)
  A water elemental (D:13)
  2 basilisks
  A hog (D:13)
  2 yaks (shapeshifter) (D:14)
  A golden eye (shapeshifter) (D:15)
  6 vampire mosquitoes
  20 humans
  4 wargs (Orc:2)
  2 steam dragons
  A warg (shapeshifter) (D:15)
  A chaos spawn (Swamp:4)
  13 swamp worms
  22 nagas
  5 water moccasins
  An ice beast (D:7)
  20 orc warriors
  A black bear (D:6)
  9 ogres
  32 wolves
  12 centaurs
  4 boggarts (D:15)
  A phantom (D:4)
  A weeping skull (D:5)
  6 kobold brigands
  11 bullfrogs
  A cane toad simulacrum (Gauntlet)
  A scorpion (D:4)
  6 wights
  13 killer bees
  A howler monkey (D:9)
  3 electric eels (D:14)
  2 knights
  A bombardier beetle (D:5)
  A gnoll bouda (D:9)
  A jelly (D:6)
  19 orc priests
  3 hounds
  A sleepcap (D:5)
  Natasha (D:3)
  13 orc wizards
  4 hell rats (Lair:1)
  4 polar bear simulacra (Lair:4)
  A yak simulacrum (Lair:4)
  2 wolf simulacra (Lair:4)
  15 gnolls
  8 adders
  A shadow imp (D:7)
  2 white imps (Gauntlet)
  An ufetubus (D:6)
  3 dart slugs
  4 ribbon worms
  61 orcs
  2 endoplasms (D:1)
  A giant cockroach (D:1)
  10 goblins
  12 hobgoblins
  2 jackals (D:4)
  5 quokkas
  12 ball pythons
  5 bats
  5 frilled lizards
  39 kobolds
  A rat (D:2)
  2 river rat simulacra (Lair:4)
775 creatures vanquished.

Vanquished Creatures (collateral kills)
  Kirke (D:13)
  A nagaraja (Snake:4)
  A fenstrider witch (Swamp:4)
  An ironbound preserver (Vaults:1)
  Nessos (D:13)
  A bunyip (Swamp:3)
  A blizzard demon (Swamp:4)
  Josephine (D:13)
  A salamander tyrant (Snake:4)
  An ogre mage (Swamp:4)
  2 alligators (Swamp:4)
  3 centaur warriors
  6 anacondas
  2 two-headed ogres
  3 naga warriors
  A tengu warrior (D:15)
  A vampire mage (D:15)
  6 naga sharpshooters
  A soul eater (Swamp:4)
  Urug (Orc:2)
  2 skysharks
  2 orc high priests (Orc:2)
  2 shock serpents (Snake:2)
  2 sea snakes (Snake:4)
  2 salamander mystics (Snake:4)
  A swamp dragon (Swamp:4)
  3 spriggan druids
  An arcanist (Vaults:1)
  2 mana vipers
  A lindwurm (Lair:5)
  3 necromancers
  2 bog bodies
  An orc sorcerer (Orc:2)
  A manticore (D:14)
  2 will-o-the-wisps
  2 salamanders
  A cyclops (D:13)
  2 elephants (Lair:5)
  10 ugly things
  15 black mambas
  A kobold blastminer (Orc:2)
  A guardian serpent (Snake:4)
  6 naga magi
  3 orange demons (Swamp:4)
  An unseen horror (D:10)
  5 cane toads
  A komodo dragon (Lair:5)
  An efreet (D:13)
  A rime drake (Lair:5)
  An ice devil (Orc:2)
  6 tyrant leeches
  2 merfolk (D:12)
  A troll (D:10)
  A hellwing (Swamp:4)
  3 hornets
  6 blink frogs
  6 slime creatures (D:13)
  4 dream sheep (Lair:3)
  A water elemental (D:13)
  2 small abominations (WizLab)
  A shadow (D:12)
  6 humans
  20 yaks
  2 spriggans (Swamp:2)
  2 wyverns
  3 wraiths
  6 hogs (D:13)
  A steam dragon (D:9)
  7 vampire mosquitoes
  Menkaure (D:7)
  A chaos spawn (Swamp:4)
  14 nagas
  3 swamp worms
  7 water moccasins
  13 orc warriors
  A boggart (D:15)
  5 centaurs
  4 ogres
  9 wolves
  A phantom (D:5)
  9 bullfrogs
  2 kobold brigands
  2 wights (D:9)
  5 killer bees
  4 howler monkeys
  6 electric eels
  A jelly (D:6)
  17 orc priests
  An iguana (D:6)
  2 hell rats (Lair:1)
  20 orc wizards
  A polar bear simulacrum (Lair:4)
  8 gnolls
  An ufetubus (D:6)
  28 orcs
  A goblin (D:7)
  A hobgoblin (D:7)
  17 kobolds
  A river rat simulacrum (Lair:4)
  A spectral orc (D:5)
381 creatures vanquished.

Vanquished Creatures (others)
  A hydra (Swamp:4)
  2 bloated husks
  A water elemental (D:14)
  A chaos spawn (Swamp:4)
  A naga (Snake:3)
  4 electric eels (D:8)
  24 knights
  An ancestor (D:5)
  An orc (D:7)
  6 foxfires (Swamp:2)
42 creatures vanquished.

Grand Total: 1198 creatures vanquished

Notes
Turn   | Place    | Note
-------+----------+-------------------------------------------
     0 | D:1      | ilwentz the Gargoyle Wanderer began the quest for the Orb.
     0 | D:1      | ilwentz set off with the following items: a +0
                  | quarterstaff, a wand of flame (7), a scroll of fear, a +0
                  | leather armour; and the following spell memorised: Shock;
                  | and the following spells available to memorise: Mercury
                  | Vapours, Mephitic Cloud.
     0 | D:1      | Reached XP level 1. HP: 12/12 MP: 2/2
   203 | D:1      | Reached XP level 2. HP: 14/16 MP: 0/4
   751 | D:1      | Reached XP level 3. HP: 20/20 MP: 2/5
  1604 | D:2      | Reached skill level 1 in Armour
  1749 | D:2      | Reached XP level 4. HP: 25/25 MP: 1/6
  2672 | D:3      | Identified the +3 ring mail "Niymotus" {Int+4}
  2996 | D:3      | Reached skill level 1 in Conjurations
  3300 | D:3      | Noticed Natasha
  3302 | D:3      | Killed Natasha
  3303 | D:3      | Reached XP level 5. HP: 29/29 MP: 8/8
  3660 | D:4      | Noticed a phantom
  3974 | D:4      | Found a staircase to the Ecumenical Temple.
  4038 | Temple   | Entered the Ecumenical Temple
  4209 | Temple   | Became a worshipper of Hepliaklqana the Forgotten
  4250 | D:4      | Killed a phantom
  4251 | D:4      | Reached skill level 1 in Alchemy
  4251 | D:4      | Reached XP level 6. HP: 34/34 MP: 2/11
  4553 | D:5      | Entered Level 5 of the Dungeon
  4746 | D:5      | Reached * piety under Hepliaklqana
  4865 | D:5      | Reached XP level 7. HP: 34/34 MP: 3/12
  5368 | D:5      | Found a basalt altar of Yredelemnul.
  5744 | D:5      | Learned a level 2 spell: Mercury Vapours
  5777 | D:5      | Reached skill level 5 in Armour
  6126 | D:5      | Reached XP level 8. HP: 38/38 MP: 3/15
  6297 | D:5      | Reached skill level 5 in Spellcasting
  6977 | D:6      | Reached ** piety under Hepliaklqana
  6978 | D:6      | Remembered your ancestor Man Thing as a knight
  7483 | D:6      | Found a bloodstained altar of Trog.
  7847 | D:6      | Found a blossoming altar of Fedhas.
  8314 | D:7      | Reached *** piety under Hepliaklqana
  8325 | D:7      | Found Ufrauvit's Jewellery Emporium.
  8339 | D:7      | Reached XP level 9. HP: 11/42 MP: 4/19
  8453 | D:7      | Found a flagged portal.
  8577 | D:7      | Learned a level 3 spell: Mephitic Cloud
  8578 | Bailey   | Entered a bailey
  9323 | Bailey   | Noticed an orc knight
  9323 | Bailey   | Noticed an orc knight
  9365 | Bailey   | Killed an orc knight
  9441 | Bailey   | Killed an orc knight
  9442 | Bailey   | Reached skill level 5 in Alchemy
  9442 | Bailey   | Reached XP level 10. HP: 44/46 MP: 11/22
  9921 | D:7      | Noticed Menkaure
  9925 | D:7      | Killed Menkaure
 10403 | D:8      | Reached skill level 10 in Spellcasting
 10650 | D:8      | Reached skill level 5 in Air Magic
 11074 | D:8      | Found a broken altar of Ashenzari.
 11134 | D:8      | Identified the ring "Bosyor" {rElec MP+9 Dex+3}
 11153 | D:8      | Reached **** piety under Hepliaklqana
 11652 | D:8      | Learned a level 1 spell: Necrotise
 11674 | D:9      | Reached skill level 1 in Shields
 11676 | D:9      | Reached skill level 1 in Necromancy
 11683 | D:9      | Reached XP level 11. HP: 50/50 MP: 3/25
 11913 | D:9      | Found Quaceowk's Book Shoppe.
 11925 | D:9      | Reached skill level 5 in Conjurations
 12775 | D:9      | You fall into a shaft and drop 1 floor!
 12775 | D:10     | Entered Level 10 of the Dungeon
 12922 | D:9      | Reached skill level 5 in Shields
 13154 | D:9      | Found a glowing golden altar of the Shining One.
 13313 | D:10     | Found a staircase to the Lair.
 13545 | D:10     | Learned a level 4 spell: Iskenderun's Mystic Blast
 13578 | D:10     | Noticed a brown ugly thing
 13592 | D:10     | Killed a brown ugly thing
 13593 | D:10     | Reached skill level 2 in Fighting
 13651 | D:10     | Reached skill level 1 in Long Blades
 13661 | D:10     | Reached skill level 3 in Fighting
 13736 | D:10     | Found a shadowy altar of Dithmenos.
 13805 | D:10     | Reached skill level 4 in Fighting
 13890 | D:10     | Found an iron altar of Okawaru.
 13964 | D:10     | Reached skill level 1 in Translocations
 14082 | D:7      | Bought a ring of see invisible for 150 gold pieces
 14178 | D:10     | Found a shimmering blue altar of Sif Muna.
 14178 | D:10     | Found a hide-covered altar of Uskayaw.
 14217 | D:10     | Found a sacrificial altar of Ru.
 14245 | D:11     | Noticed a manticore
 14246 | D:11     | Noticed a two-headed ogre
 14333 | D:11     | Noticed a boulder beetle
 14344 | D:11     | Killed a two-headed ogre
 14345 | D:11     | Reached skill level 1 in Polearms
 14355 | D:11     | Killed a manticore
 14356 | D:11     | Reached skill level 5 in Fighting
 14389 | D:11     | Killed a boulder beetle
 14390 | D:11     | Reached XP level 12. HP: 40/61 MP: 3/27
 14656 | D:11     | Reached skill level 6 in Fighting
 15294 | D:11     | Reached ***** piety under Hepliaklqana
 15791 | D:12     | Found Susiqy's General Store.
 15809 | D:12     | Reached skill level 7 in Fighting
 15978 | D:12     | Reached skill level 8 in Fighting
 16002 | D:12     | Noticed a centaur warrior
 16235 | D:12     | Found a staircase to the Orcish Mines.
 16357 | D:12     | Killed a centaur warrior
 16847 | D:12     | Reached skill level 9 in Fighting
 16867 | D:12     | Reached skill level 1 in Dodging
 16884 | D:12     | Reached skill level 1 in Invocations
 17329 | D:12     | Reached skill level 10 in Fighting
 17412 | D:12     | Found a broken altar of Ashenzari.
 17509 | D:13     | Reached XP level 13. HP: 64/73 MP: 18/28
 17631 | Orc:1    | Entered Level 1 of the Orcish Mines
 18110 | Orc:1    | Reached skill level 10 in Conjurations
 18120 | Orc:1    | You fall into a shaft and drop 1 floor!
 18120 | Orc:2    | Entered Level 2 of the Orcish Mines
 18120 | Orc:2    | Found a staircase to the Elven Halls.
 18264 | Orc:2    | Noticed Urug
 18315 | Orc:2    | Killed Urug
 18316 | Orc:2    | Reached skill level 1 in Fire Magic
 18479 | Orc:2    | Noticed Tripartite's ghost (journeyman TrFi)
 18483 | Orc:2    | Found a runed translucent door.
 18552 | Orc:2    | Reached skill level 1 in Maces & Flails
 18787 | Orc:2    | Paralysed by an orc sorcerer for 4 turns
 19535 | Orc:2    | Reached skill level 5 in Fire Magic
 20119 | Orc:2    | Found Loalugg's Armour Emporium.
 20119 | Orc:2    | Found Loapeile's Antique Weapon Emporium.
 20120 | Orc:2    | Found Fybb's Magic Scroll Shoppe.
 20124 | Orc:2    | Found Ujeulabbu's Armour Shoppe.
 20129 | Orc:2    | Bought a scroll of identify for 28 gold pieces
 20129 | Orc:2    | Bought a scroll of identify for 28 gold pieces
 20136 | Orc:2    | Learned a level 5 spell: Fireball
 20867 | D:13     | Noticed Nessos
 20877 | D:13     | Noticed Rupert
 20916 | D:12     | Killed Rupert
 21075 | D:13     | Killed Nessos
 21158 | D:13     | Noticed Josephine
 21354 | D:13     | Gained mutation: Your large and strong wings let you fly.
                  | [Gargoyle growth]
 21354 | D:13     | Reached XP level 14. HP: 79/79 MP: 14/29
 21368 | D:13     | Killed Josephine
 22182 | D:13     | Noticed Kirke
 22464 | D:13     | Killed Kirke
 22590 | Lair:1   | Entered Level 1 of the Lair of Beasts
 22650 | Lair:1   | Found a gate leading to a gauntlet.
 22664 | Gauntlet | Entered a Gauntlet
 22664 | Gauntlet | Found a transporter.
 22664 | Gauntlet | Found a transporter.
 22688 | Gauntlet | Found a transporter.
 22692 | Gauntlet | Found a transporter.
 22704 | Gauntlet | Found a transporter.
 22706 | Gauntlet | Found a transporter.
 22720 | Gauntlet | Found a transporter.
 22735 | Gauntlet | Found a transporter.
 22752 | Gauntlet | Found a transporter.
 22756 | Gauntlet | Found a transporter.
 22765 | Gauntlet | Found a transporter.
 22769 | Gauntlet | Found a transporter.
 23070 | Gauntlet | Found a runed translucent door.
 23111 | Gauntlet | Identified the +8 arbalest of Disintegration {antimagic,
                  | rC- rN+ Str-5 Int+8}
 23555 | Orc:2    | Bought a scroll of revelation for 105 gold pieces
 23555 | Orc:2    | Bought a scroll of revelation for 105 gold pieces
 23703 | Lair:1   | Reached ****** piety under Hepliaklqana
 24402 | Lair:2   | Reached skill level 11 in Fighting
 24597 | Lair:2   | Found a sacrificial altar of Ru.
 24644 | Lair:2   | You are sucked into a shaft and drop 2 floors!
 25437 | Lair:2   | Found a staircase to the Swamp.
 25437 | Lair:2   | Noticed an eleionoma
 25444 | Lair:2   | Killed an eleionoma
 26168 | Lair:3   | Reached XP level 15. HP: 86/86 MP: 25/31
 26251 | Lair:3   | Found a staircase to the Snake Pit.
 26264 | Lair:3   | Reached skill level 12 in Fighting
 27592 | Lair:5   | Entered Level 5 of the Lair of Beasts
 28192 | Lair:5   | Found a staircase to the Slime Pits.
 28193 | Lair:5   | Found a viscous altar of Jiyva.
 29366 | D:14     | Noticed Lodul
 29366 | D:14     | Found a gate to the Vaults.
 29541 | D:13     | Reached skill level 13 in Fighting
 30285 | D:14     | Reached skill level 10 in Shields
 30305 | D:14     | Reached skill level 10 in Armour
 30348 | D:14     | Killed Lodul
 30657 | D:14     | Reached XP level 16. HP: 61/94 MP: 6/32
 31212 | D:15     | Entered Level 15 of the Dungeon
 31301 | D:15     | Reached skill level 14 in Fighting
 31756 | D:15     | Found a staircase to the Depths.
 32499 | D:15     | Noticed Roxanne
 33110 | Snake:1  | Entered Level 1 of the Snake Pit
 33204 | Snake:1  | Learned a level 6 spell: Starburst
 33283 | Snake:1  | Reached skill level 1 in Summonings
 33744 | Snake:1  | Identified the +11 chain mail "Jipaciky" {Harm rF+}
 35440 | Snake:1  | Reached skill level 5 in Maces & Flails
 35759 | Snake:2  | Noticed Jorgrun
 35819 | Snake:2  | Killed Jorgrun
 35997 | Snake:2  | Reached XP level 17. HP: 100/100 MP: 34/34
 36716 | Snake:3  | Noticed Vashnia
 36808 | Snake:2  | Killed Vashnia
 38033 | Snake:3  | Found Lont's Weapon Shoppe.
 38037 | Snake:3  | Found Voddeivo's Weapon Emporium.
 38038 | Snake:3  | Found Caitag's General Store.
 38047 | Snake:3  | Bought a +3 demon trident of flaming for 748 gold pieces
 38223 | Snake:3  | Reached skill level 10 in Fire Magic
 38380 | Snake:3  | Learned a level 5 spell: Iskenderun's Battlesphere
 38394 | Snake:3  | Identified the +5 ring mail of the Bull {rPois Int+4 SInv
                  | Stlth-}
 38595 | Snake:3  | Reached skill level 5 in Polearms
 38854 | Snake:4  | Entered Level 4 of the Snake Pit
 39570 | Snake:4  | Noticed Asterion
 39584 | Snake:4  | Killed Asterion
 41314 | Snake:4  | Reached XP level 18. HP: 97/105 MP: 28/35
 41536 | Snake:4  | Got a serpentine rune of Zot
 41757 | Swamp:1  | Entered Level 1 of the Swamp
 42052 | Swamp:1  | Noticed Donald
 42058 | Swamp:1  | Killed Donald
 42256 | Swamp:1  | Found an opulent altar of Gozag.
 43096 | Swamp:2  | Reached skill level 5 in Summonings
 43789 | Swamp:2  | You are sucked into a shaft and drop 1 floor!
 44816 | Swamp:4  | Entered Level 4 of the Swamp
 45830 | Swamp:4  | Noticed a tentacled monstrosity
 45838 | Swamp:4  | Killed a tentacled monstrosity
 46729 | Swamp:4  | Paralysed by an ogre mage for 5 turns
 47263 | Swamp:4  | Got a decaying rune of Zot
 47517 | Swamp:4  | Identified a scroll of acquirement
 47554 | Swamp:4  | Learned a level 6 spell: Plasma Beam
 47688 | Lair:2   | Learned a level 5 spell: Yara's Violent Unravelling
 47801 | Vaults:1 | Entered Level 1 of the Vaults
 47858 | Vaults:1 | Found Jizol's Armour Shoppe.
 47879 | Vaults:1 | Reached XP level 19. HP: 79/110 MP: 5/36
 48006 | Vaults:1 | Found a magical portal.
 48105 | WizLab   | Entered Cigotuvi's Fleshworks
 48127 | WizLab   | Reached skill level 15 in Fighting
 48210 | WizLab   | Gained mutation: Your magical capacity is low. (-10% MP)
                  | [mutagenic glow]
 48225 | WizLab   | Gained mutation: You are weak. (Str -2) [mutagenic glow]
 48235 | WizLab   | Gained mutation: You are very weak. (Str -4) [mutagenic
                  | glow]
 48256 | WizLab   | HP: 1/111 [flesh golem (28)]
 48258 | WizLab   | Gained mutation: You occasionally lose the ability to drink
                  | potions when taking damage. [a shining eye]
 48263 | WizLab   | Slain by a slime creature (glowing shapeshifter)

Illustrated notes

Levels and vault maps discovered:
D:1:      minmay_arrival_radiant_lines, layout_basic
D:2:      layout_basic
D:3:      layout_rooms, uniq_natasha
D:4:      layout_rooms, temple_fountains
D:5:      minmay_goblin_kobold_castle, layout_rooms,
          yredelemnul_forgotten_temple_becter, serial_aquarium,
          aquarium_bridge_square [aquarium_subvault_wall,
          aquarium_subvault_bridge, aquarium_subvault_window,
          aquarium_subvault_bridge], aquarium_bridge_long_joined
          [aquarium_subvault_wall, aquarium_subvault_bridge,
          aquarium_subvault_balcony, aquarium_subvault_bridge,
          aquarium_subvault_bridge, aquarium_subvault_window],
          aquarium_window_corridor_1, aquarium_window_corner, aquarium_window_1,
          aquarium_window_2, aquarium_view_2c, aquarium_pool_S
D:6:      layout_gridville, mainiacjoe_overflow_concentric_impassable,
          trog_hazing_becter
D:7:      layout_basic, serial_shops, nicolae_shop_advertising_works
          [nicolae_subvault_shop_adworks], enter_bailey_4, eino_jars,
          uniq_menkaure
D:8:      layout_basic, mainiacjoe_overflow_24_doors, serial_bayou,
          serial_bayou_shore_a, serial_bayou_pond_e, serial_bayou_pond_e,
          serial_bayou_shore_b, serial_bayou_lagoon_a, minivault_25
D:9:      layout_long_grid, mainiacjoe_overflow_brackets, serial_shops,
          nicolae_shop_tiny_statue_garden
D:10:     layout_cave_pools, hellmonk_okawaru_the_only_friend_you_need,
          mainiacjoe_overflow_small_starburst, minitemple, marbit_many_paths,
          erik_lair_orcish_takeover
D:11:     layout_grid_maze
D:12:     layout_rooms, orc_0_dummy, special_room [special_room_orc],
          serial_shops, shop_fountains, roadster_trireme
D:13:     layout_small_grid, uniq_josephine, uniq_rupert, uniq_nessos,
          uniq_kirke
D:14:     layout_basic, david_vaults_3, minmay_misc_feat_x,
          kennysheep_generic_room_15
D:15:     gammafunk_depths_entry_grave, layout_irregular_city,
          grunt_decor_arrowhead, hangedman_abyss_or_decor_lesser_grid,
          nicolae_tricolors, uniq_roxanne
Temple:   hc_temple_tempest_star
Lair:1:   layout_regular_city, gauntlet_entry_generic, hibernation_bobbens
Lair:2:   layout_roguey, alex1729_swamp_entry_worm_eleionoma, basic_altar
Lair:3:   layout_regular_city, guppyfry_snake_entry_garden,
          infiniplex_staircase_pool
Lair:4:   layout_cave_pods, eino_house_with_fridge
Lair:5:   minmay_lair_end_frog_pond, layout_layer_cave, slime_entry_1,
          grunt_forest_small_clearing_treed
Swamp:1:  layout_basic_swamp, basic_altar, nicolae_swamp_bean_lake, uniq_donald
Swamp:2:  nicolae_swamp_ascending_descending_big, layout_basic_swamp,
          nicolae_swamp_well_well_well
Swamp:3:  layout_basic_swamp, nicolae_swamp_stair_fork
Swamp:4:  nzn_swamp_witches_coven, layout_basic_swamp, swamp_pool_1_2,
          nicolae_swamp_bloodsuckers_inc
Snake:1:  layout_chambers, nicolae_snake_shapes
Snake:2:  layout_onion, uniq_jorgrun
Snake:3:  layout_basic, nicolae_snake_salamander_stairs, grunt_megastairs_2,
          minmay_shop_star, uniq_vashnia
Snake:4:  grunt_snake_rune_pools, layout_gridlike, uniq_asterion
Orc:1:    layout_diamond_mine
Orc:2:    st_orc_mages, layout_caves, portal_ice_cave_demonic_guard,
          hellmonk_ghost_happy_afterlife, basic_altar, uniq_urug
Vaults:1: mu_enter_wizlab_4, nicolae_vaults_meiosis, v_misc_27,
          nicolae_vaults_closet_pinwheel_1, vaults_standard_mumra_lines,
          vaults_dpeg_encased_lava, v_misc_23, hangedman_vaults_capsules,
          grunt_vaults_bifocal, nicolae_vaults_taking_the_gang_shopping,
          v_alt_pattern_4, nicolae_vaults_antechamber_and_loot_room,
          layout_vaults_omnibox, uniq_norris
WizLab:   wizlab_cigotuvi

Skill      XL: |  1  2  3  4  5  6  7  8  9 10 11 12 13 14 15 16 17 18 19 |
---------------+----------------------------------------------------------+-----
Armour         | 2 3 4 5 7 10 12 14 | 14.1
Spellcasting   | 2 3 4 6 8 10 11 12 13 | 13.3
Air Magic      | 2 3 5 6 7 |  7.6
Conjurations   | 1 4 7 9 10 11 12 13 | 13.1
Alchemy        | 1 2 3 5 |  5.2
Shields        | 2 5 7 10 11 12 | 12.2
Necromancy     | 2 |  2.3
Fighting       | 5 10 11 13 14 15 | 15.0
Long Blades    | 1 |  1.7
Translocations | 3 4 |  4.0
Polearms       | 2 4 7 8 |  8.7
Dodging        | 1 2 3 |  3.7
Invocations    | 2 3 |  3.3
Fire Magic     | 7 8 9 10 | 10.0
Maces & Flails | 3 5 6 |  6.4
Summonings     | 1 3 7 |  7.7
Staves         | |  1.5
Throwing       | |  1.0
Evocations     | |  3.6

Action                     |  1- 3 |  4- 6 |  7- 9 | 10-12 | 13-15 | 16-18 | 19-21 || total
---------------------------+-------+-------+-------+-------+-------+-------+-------++-------
  Melee: Quarterstaff      |    93 |   103 |    16 |     7 |       |       |       ||   219
         Scimitar          |       |       |       |    43 |       |       |       ||    43
         Trident           |       |       |       |   183 |    62 |       |       ||   245
         Eveningstar       |       |       |       |       |   646 |   320 |       ||   966
         Demon trident     |       |       |       |       |       |   263 |    31 ||   294
   Cast: Shock             |    60 |   132 |   291 |   281 |   147 |   606 |     6 ||  1523
         Mercury Vapours   |       |       |    23 |     8 |     1 |       |     1 ||    33
         Mephitic Cloud    |       |       |     3 |    84 |   139 |    34 |       ||   260
         Necrotise         |       |       |       |     8 |       |     2 |       ||    10
         Iskenderun's Myst |       |       |       |     6 |     9 |    18 |     4 ||    37
         Fireball          |       |       |       |       |    40 |    74 |     7 ||   121
         Iskenderun's Batt |       |       |       |       |       |    67 |       ||    67
         Starburst         |       |       |       |       |       |     6 |       ||     6
         Plasma Beam       |       |       |       |       |       |     1 |       ||     1
 Invoke: Ancestor Identity |       |     1 |       |       |       |       |       ||     1
         Ancestor Life: Kn |       |       |     1 |       |       |       |       ||     1
         Recall Ancestor   |       |       |       |       |     7 |    14 |     1 ||    22
  Evoke: Wand              |       |     2 |       |     1 |       |       |       ||     3
    Use: Scroll            |       |     3 |     1 |     6 |     4 |    16 |     2 ||    32
         Potion            |       |       |       |       |     2 |     6 |     2 ||    10
   Stab: Confused          |       |       |       |    20 |    29 |     5 |       ||    54
         Distracted        |       |       |       |       |     6 |     6 |     1 ||    13
         Petrified         |       |       |       |       |     7 |       |       ||     7
 Armour: Leather armour    |    71 |    13 |       |       |       |       |       ||    84
         Ring mail         |       |    74 |    77 |   182 |   442 |   241 |    23 ||  1039
         Chain mail        |       |       |       |       |       |   501 |       ||   501
  Dodge: Dodged            |    72 |    94 |   119 |   115 |   511 |   489 |    10 ||  1410
  Block: Buckler           |       |       |       |    34 |   162 |   228 |       ||   424
         Kite shield       |       |       |       |       |       |    10 |    17 ||    27
         Reflection        |       |       |       |       |       |     2 |     1 ||     3
